 Dungeon Crawl Stone Soup version 0.29-a0-283-ga02f740833 (webtiles) character file.

Game seed: 11119937151773999259

81 Dabor the Shield-Bearer (level 4, 0/29 HPs)
             Began as a Gargoyle Fighter on Mar 13, 2022.
             Slain by a gnoll
             ... wielding a +0 whip
              (3 damage)
             ... on level 2 of the Dungeon.
             The game lasted 00:01:54 (1686 turns).

Dabor the Shield-Bearer (Gargoyle Fighter)          Turns: 1686, Time: 00:01:54

Health: 0/29       AC: 10    Str: 22    XL:     4   Next: 40%
Magic:  4/4        EV:  9    Int:  8    God:
Gold:   77         SH:  4    Dex:  9    Spells: 3/3 levels left

rFire   . . .      SeeInvis .   a - +0 flail
rCold   . . .      Faith    .   c - +0 buckler
rNeg    + . .      Spirit   .   b - +0 scale mail
rPois   ∞          Reflect  .   (no helmet)
rElec   +          Harm     .   (no cloak)
rCorr   .          Rampage  .   (no gloves)
Will    .....                   (no boots)
Stlth   ..........              (no amulet)
HPRegen 0.09/turn               (no ring)
MPRegen 0.09/turn               (no ring)

@: very slow
A: sickness immunity, AC +3, negative energy resistance 1, electricity
resistance, torment resistance 1, petrification resistance
a: no special abilities


You were on level 2 of the Dungeon.
You visited 1 branch of the dungeon, and saw 2 of its levels.

You collected 77 gold pieces.

Inventory:

Hand Weapons
 a - a +0 flail (weapon)
Armour
 b - a +0 scale mail (worn)
 c - a +0 buckler (worn)
Scrolls
 e - a scroll of magic mapping
 g - 2 scrolls of identify {unknown}
 h - a scroll of fog {unknown}
 i - a scroll of enchant weapon {unknown}
 j - a scroll of teleportation {unknown}
Potions
 d - a potion of might
 f - 2 potions of brilliance {unknown}
 k - a potion of haste {unknown}
 l - a potion of flight {unknown}
 m - a potion of lignification {unknown}


   Skills:
 + Level 4.0 Fighting
 + Level 2.7 Maces & Flails
 + Level 4.0 Armour
 + Level 4.0 Shields


You had 3 spell levels left.
You didn't know any spells.
Your spell library was empty.

Dungeon Overview and Level Annotations

Branches:
Dungeon (2/15)

Altars:
Xom


Innate Abilities, Weirdness & Mutations

You are immune to sickness and miasma.
Your stone body is resilient. (AC +3)
You are immune to poison.
You resist negative energy. (rN+)
You are resistant to electric shocks. (rElec)
You are resistant to unholy torment.
You are immune to petrification.


Message History

Your unstable footing causes you to fumble your attack.
The bat barely misses you. The bat hits you but does no damage.
The gnoll splashes around in the water.
The gnoll hits you with a +0 spear! The bat barely misses you.
The gnoll splashes around in the water.
There are monsters nearby!
Your unstable footing causes you to fumble your attack.
The bat hits you but does no damage. The bat barely misses you.
The gnoll hits you with a +0 spear. The bat hits you but does no damage.
The gnoll hits you but does no damage. The gnoll closely misses you.
There are monsters nearby!
You are too injured to fight recklessly!
There are monsters nearby!
You are too injured to fight recklessly!
There are monsters nearby!
You are too injured to fight recklessly!
There are monsters nearby!
You hit the plant.
The plant begins to die.
The plant is lightly damaged.
A nearby plant withers and dies. x2; The bat hits you but does no damage.
The gnoll splashes around in the water.
Your unstable footing causes you to fumble your attack.
The bat closely misses you. The bat completely misses you.
The gnoll hits you from afar with a +0 spear.
The gnoll splashes around in the water.
The gnoll hits you but does no damage.
Your unstable footing causes you to fumble your attack.
The bat barely misses you.
The gnoll splashes around in the water. x2
The gnoll hits you from afar with a +0 spear.
* * * LOW HITPOINT WARNING * * *
Your unstable footing causes you to fumble your attack.
A nearby plant withers and dies.
The bat barely misses you. The bat closely misses you.
The gnoll hits you with a +0 whip.
* * * LOW HITPOINT WARNING * * *
The gnoll hits you with a +0 spear.
* * * LOW HITPOINT WARNING * * *
The gnoll hits you but does no damage. The gnoll closely misses you.
As you read the scroll labelled LADIAP VIGIHOU, it crumbles to dust.
You feel aware of your surroundings.
It was a scroll of magic mapping.
The bat hits you but does no damage.
The gnoll splashes around in the water.
The gnoll barely misses you. The gnoll hits you with a +0 whip.
You die...

.#######*,*****≈≈≈≈≈** *,*
........,..>**≈≈≈≈≈P.## *,*
........,....*≈≈≈≈≈≈P≈# *,*
...####**,#..#≈≈≈≈≈≈PP# *,*
...# *,#..≈≈≈♣*≈♣≈≈## *,*
...# *.#..≈≈≈≈♣≈≈≈≈.# *,*
...# *...P≈≈♣♣g♣≈≈≈.###,*
#### *,#..≈♣gg≈P≈≈≈≈≈..,*
*,,,≈♣≈P@bPP♣≈≈≈###* #
#.#PP≈≈≈#P≈≈≈♣≈≈..# #
#..P≈≈P≈##.PP≈≈P#.# #
#.PP♣≈.#*#.#P≈P≈..# #
#.PP≈P≈###.#≈≈♣≈..###
#########≈PP≈.P..#..≈≈≈P....*
.........≈≈≈≈.#..###..≈.#.#**
.########PPPP.#......PP≈..#
.# ####.##.....#..##.####


You could see 3 gnolls and a bat.

Vanquished Creatures
  Jessica (D:2)
  A gnoll (D:2)
  A worm (D:2)
  2 ball pythons
  5 bats (D:1)
  5 endoplasms
  3 giant cockroaches (D:1)
  4 goblins
  6 hobgoblins
  2 quokkas
  3 frilled lizards (D:1)
  2 kobolds (D:1)
  3 rats
38 creatures vanquished.

Vanquished Creatures (others)
  54 plants (D:2)
54 creatures vanquished.

Grand Total: 92 creatures vanquished

Notes
Turn   | Place    | Note
-------+----------+-------------------------------------------
     0 | D:1      | Dabor the Gargoyle Fighter began the quest for the Orb.
     0 | D:1      | Reached XP level 1. HP: 14/14 MP: 1/1
   418 | D:1      | Reached XP level 2. HP: 19/19 MP: 2/2
   712 | D:1      | Reached XP level 3. HP: 23/23 MP: 3/3
  1218 | D:2      | Found a shimmering altar of Xom.
  1325 | D:2      | Noticed Jessica
  1331 | D:2      | Killed Jessica
  1332 | D:2      | Reached XP level 4. HP: 29/29 MP: 4/4
  1686 | D:2      | Slain by a gnoll

Illustrated notes

Levels and vault maps discovered:
D:1:      dpeg_arrival_circle_labyrinth_a, layout_basic,
          minmay_tree_intersection, minmay_pentomino_r2
D:2:      layout_basic, serial_bayou, serial_bayou_lagoon_a,
          serial_bayou_shore_b, serial_bayou_lake_a, serial_bayou_pond_d,
          serial_bayou_pond_d, serial_bayou_pond_a, basic_altar, uniq_jessica

Skill      XL: |  1  2  3  4 |
---------------+-------------+-----
Fighting       | 4 |  4.0
Armour         | 4 |  4.0
Shields        | 4 |  4.0
Maces & Flails | |  2.7

Action                   |  1- 3 |  4- 6 || total
-------------------------+-------+-------++-------
Melee: Flail             |   118 |    33 ||   151
  Use: Scroll            |       |     1 ||     1
Armor: Scale mail        |    75 |    21 ||    96
Dodge: Dodged            |    63 |    25 ||    88
Block: Buckler           |    23 |     3 ||    26

Table legend: (Time is in decaauts)
 A = Elapsed time spent in this place.
 B = Non-inter-level travel time spent in this place.
 C = Inter-level travel time spent in this place.
 D = Time resting spent in this place.
 E = Time spent auto-exploring this place.
 F = Levels seen in this place.
 G = Mean time per level.
                   A        B        C        D        E       F      G
               +--------+--------+--------+--------+--------+-----+--------+
         Total |   1741 |   1698 |     43 |      0 |   1325 |   2 |  870.5 |
       Dungeon |   1741 |   1698 |     43 |      0 |   1325 |   2 |  870.5 |
               +--------+--------+--------+--------+--------+-----+--------+

Top non-repeatable levels by time:
     D:1: 1248 daAuts
     D:2: 492 daAuts
